[Event "47th GRE-chT 2019"]
[Site "Patra"]
[Date "2019.07.03"]
[Round "2.8"]
[White "Sotiropoulos, Anastasios-Theohar"]
[Black "Alexiadis, Hristos"]
[Result "0-1"]
[ECO "A07"]
[WhiteElo "1919"]
[BlackElo "2344"]
[Annotator "NA RC"]
[PlyCount "78"]
[EventDate "2019.07.02"]
[EventCountry "GRE"]
[SourceTitle "playchess.com"]
[Source "ChessBase"]
[SourceQuality "1"]
[TimeControl "5400+30"]

1. Nf3 Nf6 2. g3 d5 3. Bg2 c6 4. O-O Bg4 5. h3 Bh5 6. d4 {[%emt 0:00:42] A07: Réti Opening: New York and Capablanca Systems} e6 7. c4 Be7 (7... Nbd7 8. cxd5 exd5 9. Ne5 Ne4 10. Nd2 Nxd2 11. Bxd2 Nxe5 12. dxe5 Bc5 13. Kh2 O-O {½-½ (31) Svidler,P (2768)-Karjakin,S (2753) Wijk aan Zee 2018}) 8. Qb3 Qb6 9. c5 $146 ({Predecessor:} 9. Nc3 O-O 10. Bf4 Nbd7 11. c5 Qxb3 12. axb3 Ne4 13. g4 Bg6 14. b4 a6 15. Ra3 {½-½ (15) Margvelashvili,G (2556)-Mulyar,M (2411) Rockville 2014}) 9... Qa6 10. Bf4 b6 11. cxb6 axb6 12. Nc3 O-O 13. a4 Nbd7 14. g4 Bg6 15. Ne5 Nxe5 16. dxe5 Nd7 17. Qd1 Qc4 18. Bg3 Nc5 19. Rc1 Qb4 20. f4 d4 $17 ({Less strong is} 20... Nxa4 21. Nxa4 Qxa4 22. Qxa4 $15) ({Don't take} 20... Qxb2 21. f5 $17) (20... Nb3 $19 21. f5 Nxc1 22. Qxc1 exf5 23. gxf5 Bh5) 21. Nb1 Be4 22. Nd2 Bxg2 23. Kxg2 Rxa4 24. f5 exf5 25. gxf5 Bg5 26. Rc2 Bxd2 27. Rxd2 Ne4 28. Rd3 Qxb2 29. Rb3 Qa2 30. f6 Nc3 31. Qc1 Qxe2+ 32. Rf2 Qe4+ 33. Kh2 b5 34. Qg5 Qg6 35. Qh4 d3 36. Bf4 Ne2 37. Rb1 Rfa8 38. Rbf1 Nxf4 39. Rxf4 Rxf4 0-1

[Event "47th GRE-chT 2019"]
[Site "Patra"]
[Date "2019.07.03"]
[Round "2.9"]
[White "Spyratos, Nikolaos"]
[Black "Stefanou, Dimitrios"]
[Result "1-0"]
[ECO "C01"]
[WhiteElo "1970"]
[BlackElo "1975"]
[Annotator "NA"]
[PlyCount "67"]
[EventDate "2019.07.02"]
[EventCountry "GRE"]
[SourceTitle "playchess.com"]
[Source "ChessBase"]
[SourceQuality "1"]
[TimeControl "5400+30"]

1. e4 e6 2. d4 d5 3. Nc3 Bb4 4. exd5 exd5 5. Bd3 Nc6 6. a3 Bxc3+ 7. bxc3 Nge7 8. Qf3 Be6 9. Ne2 Qd7 10. h3 O-O-O 11. O-O Ng6 12. Bb5 Nh4 13. Qh5 Nf5 14. Nf4 Nd6 $14 15. Ba4 Ne4 16. Qf3 Kb8 17. Nd3 f6 18. Qe3 Qd6 19. f3 Ng3 20. Re1 Rhe8 21. Qf2 g5 22. Rb1 Ka8 23. Nc5 Bc8 24. Bxc6 Rxe1+ 25. Qxe1 bxc6 26. Be3 Re8 27. c4 Qe7 28. Qb4 Qxe3+ 29. Kh2 Nf1+ 30. Rxf1 Qf4+ 31. Kh1 Qxd4 32. Rb1 Ba6 33. Nxa6 Qb6 34. Qxb6 1-0

[Event "47th GRE-chT 2019"]
[Site "Patra"]
[Date "2019.07.03"]
[Round "2.9"]
[White "Loukisas, Dimitrios"]
[Black "Gavriilidis, Orestis"]
[Result "1-0"]
[ECO "E81"]
[WhiteElo "1898"]
[BlackElo "1906"]
[Annotator "NA"]
[PlyCount "103"]
[EventDate "2019.07.02"]
[EventCountry "GRE"]
[SourceTitle "playchess.com"]
[Source "ChessBase"]
[SourceQuality "1"]
[TimeControl "5400+30"]

1. d4 Nf6 2. c4 g6 3. Nc3 Bg7 4. e4 d6 5. f3 O-O 6. Nge2 c5 7. d5 a6 8. a4 e6 9. Be3 exd5 10. cxd5 Nbd7 11. g4 Ne5 12. Ng3 Qa5 13. Be2 $11 Qb4 14. Qd2 Nc4 15. Bxc4 Qxc4 16. h4 Bxg4 17. fxg4 Nxg4 18. Nd1 Ne5 19. Qe2 Nd3+ 20. Kd2 Nxb2 21. Nxb2 Qc3+ 22. Kd1 Qxb2 23. Qxb2 Bxb2 24. Rb1 Be5 25. Nf1 Rab8 26. Rb6 f5 27. exf5 Rxf5 28. Nd2 Kf7 29. Ke2 Bf4 30. Bxf4 Rxf4 31. Rf1 Re8+ 32. Kd3 Rxf1 33. Nxf1 Re5 34. Rxb7+ Kf6 35. Ne3 Rh5 36. Rb6 Rxh4 37. Rxd6+ Ke7 38. Rxa6 Rd4+ 39. Ke2 h5 40. a5 Ra4 41. Rxg6 Rxa5 42. Rh6 Ra2+ 43. Kd3 Rh2 44. Kc4 Ke8 45. Kxc5 h4 46. Kd6 h3 47. Ke6 Kf8 48. d6 Kg7 49. Nf5+ Kg8 50. d7 Re2+ 51. Kf6 Rd2 52. Ne7+ 1-0

[Event "47th GRE-chT 2019"]
[Site "Patra"]
[Date "2019.07.03"]
[Round "2.10"]
[White "Dristellas, Neoklis"]
[Black "Giannoulis, Grigorios"]
[Result "0-1"]
[ECO "C56"]
[WhiteElo "1577"]
[BlackElo "1447"]
[Annotator "NA"]
[PlyCount "59"]
[EventDate "2019.07.02"]
[EventCountry "GRE"]
[SourceTitle "playchess.com"]
[Source "ChessBase"]
[SourceQuality "1"]
[TimeControl "5400+30"]

1. e4 e5 2. Nf3 Nc6 3. d4 exd4 4. Bc4 Nf6 5. e5 d5 6. Bb5 Ne4 7. Nxd4 Bc5 8. Be3 Bxd4 9. Bxd4 O-O 10. Bxc6 bxc6 11. Nd2 Nxd2 12. Qxd2 Re8 13. O-O Bf5 14. Rfe1 Re6 15. f3 a6 16. Re3 Qh4 17. Qf2 Qxd4 18. c3 Qc5 19. g4 Rg6 20. Kh1 Bd7 21. h3 Re8 22. Rae1 Rge6 23. f4 f6 24. b4 Qf8 25. g5 fxe5 26. f5 Rg6 27. h4 Bxf5 28. Rf3 Be4 29. Ree3 Bxf3+ 30. Rxf3 0-1

[Event "47th GRE-chT 2019"]
[Site "Patra"]
[Date "2019.07.03"]
[Round "2.10"]
[White "Kapia, Aggeliki"]
[Black "Souchleris, Nikolaos"]
[Result "0-1"]
[ECO "A46"]
[WhiteElo "1168"]
[BlackElo "1204"]
[Annotator "NA"]
[PlyCount "78"]
[EventDate "2019.07.02"]
[EventCountry "GRE"]
[SourceTitle "playchess.com"]
[Source "ChessBase"]
[SourceQuality "1"]
[TimeControl "5400+30"]

1. d4 Nf6 2. Nf3 e6 3. e3 b6 4. Bd3 Bb7 5. O-O Be7 6. Nbd2 O-O 7. b3 d6 8. Bb2 Re8 9. c4 Nbd7 10. Qe2 Nf8 11. Rac1 Ng6 12. Bb1 a5 13. a3 a4 14. b4 c5 15. dxc5 dxc5 16. b5 Bd6 17. Rfd1 e5 18. Ng5 Qc7 19. Nge4 Nxe4 20. Nxe4 Red8 21. Rd2 Be7 22. Nc3 Rxd2 23. Qxd2 Nh4 24. e4 Qc8 25. Nd5 Qg4 26. Ne3 Nf3+ 27. Kh1 Qxg2+ 28. Kxg2 Nxd2 29. Nd5 Nxb1 30. Nxe7+ Kf8 31. Nd5 Nd2 32. Nxb6 Bxe4+ 33. Kg3 Rd8 34. Rc3 Bd3 35. Rc1 Rd6 36. Nxa4 Rg6+ 37. Kh3 Bf5+ 38. Kh4 Nf3+ 39. Kh5 Bg4# 0-1

[Event "47th GRE-chT 2019"]
[Site "Patra"]
[Date "2019.07.03"]
[Round "2.11"]
[White "Mastrovasilis, Dimitrios"]
[Black "David, Alberto"]
[Result "1/2-1/2"]
[ECO "C11"]
[WhiteElo "2589"]
[BlackElo "2553"]
[Annotator "ChessBase"]
[PlyCount "55"]
[EventDate "2019.07.02"]
[EventCountry "GRE"]
[SourceTitle "playchess.com"]
[Source "ChessBase"]
[SourceQuality "1"]
[TimeControl "5400+30"]

1. e4 e6 2. d4 d5 3. Nc3 Nf6 4. e5 Nfd7 5. Nce2 c5 6. c3 Nc6 7. Nf3 Qa5 8. a3 cxd4 9. b4 Qc7 10. cxd4 b5 11. Nf4 Qb6 12. Rb1 a5 13. bxa5 Rxa5 14. Bd2 Rxa3 15. Bxb5 Ba6 16. Bxa6 Qxa6 17. Qe2 Be7 18. Qxa6 Rxa6 19. Nd3 Nb6 20. O-O O-O 21. Bb4 Bxb4 22. Nxb4 Nxb4 23. Rxb4 Nc4 24. Rfb1 h6 25. h4 Ra2 26. Rb8 Nd2 27. Rc8 Re8 28. Rxe8+ {[%emt 0:01:03] Kf8} 1/2-1/2

[Event "47th GRE-chT 2019"]
[Site "Patra"]
[Date "2019.07.03"]
[Round "2.12"]
[White "Theodorou, Nikolas"]
[Black "Mastrovasilis, Athanasios"]
[Result "1/2-1/2"]
[ECO "D10"]
[WhiteElo "2543"]
[BlackElo "2518"]
[Annotator "RC"]
[PlyCount "134"]
[EventDate "2019.07.02"]
[EventCountry "GRE"]
[SourceTitle "playchess.com"]
[Source "ChessBase"]
[SourceQuality "1"]
[TimeControl "5400+30"]

1. d4 d5 2. c4 c6 3. cxd5 cxd5 4. Bg5 Nc6 5. Nc3 h6 6. Bh4 Nf6 7. Bxf6 gxf6 8. e3 e6 9. Nge2 Bd6 10. Qd2 Bd7 11. Nf4 Bxf4 12. exf4 Qb6 13. Rd1 O-O-O 14. Be2 Kb8 15. Na4 Qb4 16. Qxb4 Nxb4 17. Nc3 Nc2+ 18. Kf1 Rc8 19. Rd2 Na3 20. f3 Bb5 21. Kf2 Bxe2 22. Nxe2 Nb5 23. f5 Rc4 24. b3 Rc6 25. Re1 Rhc8 26. fxe6 fxe6 27. a4 Nc7 28. Nf4 Re8 29. Re3 Kc8 30. Kg3 Kd7 31. Kh4 Ke7 32. Rdd3 Kf7 33. Rc3 Na6 34. Rxc6 bxc6 35. Nd3 Rb8 36. Kh5 Nb4 37. Nc5 Re8 38. Re2 e5 39. dxe5 fxe5 40. Kxh6 Kf6 41. Nd7+ Kf5 42. g4+ Kf4 43. g5 Kxf3 44. Rxe5 Rh8+ 45. Kg7 Rxh2 46. g6 d4 47. Re6 d3 48. Ne5+ Kf4 49. Kf6 d2 50. g7 Nd5+ 51. Kf7 d1=Q 52. g8=Q Qh5+ 53. Qg6 Qf5+ 54. Qxf5+ Kxf5 55. Nxc6 Rh7+ 56. Kg8 Kxe6 57. Kxh7 Kd6 58. Nxa7 Kc5 59. Nb5 Kb4 60. Nd4 Nb6 61. Nc6+ Kxb3 62. a5 Na8 63. a6 Kc4 64. a7 Kb5 65. Ne7 Ka6 66. Nc8 Kb7 67. Nb6 Kxa7 1/2-1/2

[Event "47th GRE-chT 2019"]
[Site "Patra"]
[Date "2019.07.03"]
[Round "2.12"]
[White "Grivas, Efstratios"]
[Black "Mihailidis, Anastasios"]
[Result "1-0"]
[ECO "A14"]
[WhiteElo "2418"]
[BlackElo "2270"]
[Annotator "NA"]
[PlyCount "85"]
[EventDate "2019.07.02"]
[EventCountry "GRE"]
[SourceTitle "playchess.com"]
[Source "ChessBase"]
[SourceQuality "1"]
[TimeControl "5400+30"]

1. c4 e6 2. g3 d5 3. Bg2 Nf6 4. Nf3 Be7 5. O-O O-O 6. b3 b6 7. Bb2 Bb7 8. e3 c5 9. d3 Nc6 10. Nbd2 Qc7 11. Qe2 Rad8 12. a3 Rfe8 13. Rac1 Qb8 14. Rfd1 e5 15. cxd5 Nxd5 16. Nc4 f6 17. h4 Bc8 18. Nh2 $15 Bf8 19. h5 Be6 20. Ng4 b5 21. Nd2 f5 22. e4 Nf4 23. Nh6+ gxh6 24. gxf4 Nd4 25. Bxd4 exd4 26. e5 Rd7 27. Kh2 Rg7 28. Rg1 Qd8 29. Bh3 Ree7 30. Rg3 Ref7 31. Ne4 fxe4 32. Bxe6 Qh4+ 33. Kg2 Qxf4 34. Re1 Qxe5 35. Bxf7+ Kxf7 36. Qxe4 Rxg3+ 37. fxg3 Qxe4+ 38. Rxe4 Be7 39. Kf3 a5 40. a4 bxa4 41. bxa4 Bd6 42. Re2 Bc7 43. g4 1-0

[Event "47th GRE-chT 2019"]
[Site "Patra"]
[Date "2019.07.03"]
[Round "2.13"]
[White "Malikentzos, Sotirios"]
[Black "Naoum, Spyridon"]
[Result "1-0"]
[ECO "A05"]
[WhiteElo "2428"]
[BlackElo "2299"]
[Annotator "NA"]
[PlyCount "84"]
[EventDate "2019.07.02"]
[EventCountry "GRE"]
[SourceTitle "playchess.com"]
[Source "ChessBase"]
[SourceQuality "1"]
[TimeControl "5400+30"]

1. Nf3 Nf6 2. g3 g6 3. b3 d5 4. Bb2 c5 5. c4 d4 6. b4 Bg7 7. Bg2 O-O 8. O-O Re8 {[%emt 0:01:07] A05: Réti Opening: 1 Nf3 Nf6} 9. d3 e5 10. bxc5 Nfd7 11. Nfd2 Nxc5 12. Ba3 Nba6 13. Ne4 {[%emt 0:00:40] [#]} Nxe4 $146 ({Predecessor:} 13... Bf8 14. Nxc5 Bxc5 15. Bxc5 Nxc5 16. Nd2 {½-½ (23) Zaragatski,I (2474)-Stellwagen,D (2625) Germany 2012}) 14. Bxe4 Rb8 15. Nd2 Qc7 16. Rb1 f5 17. Bd5+ Kh8 $1 18. Qb3 Bd7 19. Rfc1 Bh6 20. Rc2 $11 Nc5 21. Bxc5 Qxc5 22. Qb4 b6 23. Qxc5 bxc5 24. Nb3 Rb6 25. Ra1 Ba4 26. Rb2 Reb8 27. Rbb1 Bf8 28. Re1 Kg7 29. e3 dxe3 30. Rxe3 Kf6 31. Kg2 Bd6 32. h4 Bd7 33. Rae1 Ra6 34. R3e2 Ba4 35. f4 Bxb3 36. fxe5+ Bxe5 37. Rxe5 Rxa2+ 38. Kh3 Rb6 39. Re8 Ba4 40. Rf8+ Kg7 41. Rf7+ Kh6 42. Ree7 g5 1-0

[Event "47th GRE-chT 2019"]
[Site "Patra"]
[Date "2019.07.03"]
[Round "2.13"]
[White "Fragkos, Vasilios"]
[Black "Souleidis, Georgios"]
[Result "0-1"]
[ECO "A45"]
[WhiteElo "2044"]
[BlackElo "2426"]
[Annotator "NA"]
[PlyCount "86"]
[EventDate "2019.07.02"]
[EventCountry "GRE"]
[SourceTitle "playchess.com"]
[Source "ChessBase"]
[SourceQuality "1"]
[TimeControl "5400+30"]

1. d4 Nf6 2. Bg5 e6 3. Nd2 c5 4. e3 d5 5. c3 h6 6. Bh4 Nbd7 7. f4 cxd4 8. cxd4 Qb6 9. Qb3 Bb4 10. Bxf6 Nxf6 11. Ngf3 Bd7 12. a3 Bxd2+ 13. Nxd2 Qa5 14. Bd3 O-O 15. Ke2 $11 Bc6 16. Rac1 Ne4 17. Nf3 Rfc8 18. Qb4 Qxb4 19. axb4 Nd6 20. b3 f6 21. Rc5 Kf7 22. Rhc1 Ke7 23. Ra5 a6 24. Kd2 Kd7 25. Raa1 Bb5 26. g4 Bxd3 27. Kxd3 Ne4 28. Nd2 Nd6 29. Nf3 Rxc1 30. Rxc1 Rc8 31. Rxc8 Kxc8 32. g5 Kd7 33. gxh6 gxh6 34. Nd2 Kc6 35. e4 dxe4+ 36. Nxe4 Ne8 37. Nc3 f5 38. Ke3 Nf6 39. h3 Nd5+ 40. Nxd5 exd5 41. Kd3 Kb5 42. Kc3 h5 43. h4 b6 0-1

[Event "47th GRE-chT 2019"]
[Site "Patra"]
[Date "2019.07.03"]
[Round "2.14"]
[White "Ladopoulos, Dimitrios"]
[Black "Korlotsidis, Spiridon"]
[Result "1-0"]
[ECO "A04"]
[WhiteElo "2219"]
[BlackElo "2055"]
[Annotator "NA"]
[PlyCount "75"]
[EventDate "2019.07.02"]
[EventCountry "GRE"]
[SourceTitle "playchess.com"]
[Source "ChessBase"]
[SourceQuality "1"]
[TimeControl "5400+30"]

1. Nf3 c5 2. e3 g6 3. c4 Bg7 4. Nc3 Nf6 5. d4 O-O 6. Be2 Na6 7. b3 d6 8. O-O Rb8 9. Bb2 cxd4 10. Nxd4 Nc5 11. Rc1 a6 12. Bf3 $11 (12. b4 $5 Ne6 13. Nd5 $14) 12... e6 13. Qd2 e5 14. Nc2 Bf5 15. Ba1 Bd3 16. Be2 e4 17. Bxd3 Nxd3 18. Rcd1 b5 19. Nxe4 bxc4 20. Bxf6 Bxf6 21. bxc4 Nb2 22. Qxd6 Nxd1 23. Nxf6+ Kg7 24. Nd7 Nb2 25. Qxb8 Qxb8 26. Nxb8 Rxb8 27. Rb1 Rd8 28. c5 Rd2 29. Nd4 Na4 30. c6 Nc3 31. Ra1 Nd5 32. h3 Kf6 33. a4 Ke7 34. Rb1 Kd6 35. Rb8 Rd1+ 36. Kh2 Ra1 37. Rd8+ Ke5 38. Nf3+ 1-0

[Event "47th GRE-chT 2019"]
[Site "Patra"]
[Date "2019.07.03"]
[Round "2.14"]
[White "Liodakis, Konstantinos-Spyros"]
[Black "Kalogeris, Ioannis"]
[Result "1/2-1/2"]
[ECO "B34"]
[WhiteElo "2212"]
[BlackElo "2376"]
[Annotator "NA"]
[PlyCount "98"]
[EventDate "2019.07.02"]
[EventCountry "GRE"]
[SourceTitle "playchess.com"]
[Source "ChessBase"]
[SourceQuality "1"]
[TimeControl "5400+30"]

1. e4 c5 2. Nf3 Nc6 3. d4 cxd4 4. Nxd4 g6 5. Nc3 Bg7 6. Be3 Nf6 7. Nxc6 bxc6 8. e5 Ng8 9. f4 d5 10. Qd2 f6 11. Bd4 Nh6 12. exf6 exf6 13. Bc5 Kf7 14. O-O-O Qa5 $11 15. Ne4 Qxd2+ 16. Nxd2 Re8 17. Bd3 Bf5 18. Bxf5 Nxf5 19. Rhe1 Bf8 20. Bxf8 Kxf8 21. Nf3 Ne3 22. Rd2 Re4 23. Nd4 Rc8 24. c3 Nc4 25. Rxe4 dxe4 26. Ne6+ Ke7 27. Rd4 Kxe6 28. Rxe4+ Kd5 29. Rd4+ Kc5 30. b4+ Kb5 31. a4+ Kxa4 32. Rxc4 c5 33. Kc2 Kb5 34. Re4 Rc7 35. Kd3 Rd7+ 36. Kc2 cxb4 37. Rxb4+ Kc5 38. Ra4 Re7 39. Kd2 Rd7+ 40. Kc2 Re7 41. Kd2 Kb5 42. Rb4+ Kc6 43. Ra4 Rd7+ 44. Kc2 f5 45. g3 Kb6 46. Rb4+ Kc5 47. Ra4 Kb6 48. Rb4+ Kc5 49. Ra4 Kd5 1/2-1/2

[Event "47th GRE-chT 2019"]
[Site "Patra"]
[Date "2019.07.03"]
[Round "2.15"]
[White "Michna, Marta"]
[Black "Daulyte-Cornette, Deimante"]
[Result "0-1"]
[ECO "A45"]
[WhiteElo "2358"]
[BlackElo "2444"]
[Annotator "NA"]
[PlyCount "58"]
[EventDate "2019.07.02"]
[EventCountry "GRE"]
[SourceTitle "playchess.com"]
[Source "ChessBase"]
[SourceQuality "1"]
[TimeControl "5400+30"]

1. d4 Nf6 2. c3 g6 3. Nf3 Bg7 4. h3 d6 5. Bf4 O-O 6. Nbd2 Nbd7 7. e4 e5 {[%emt 0:00:38] A48: 1 d4 Nf6 2 Nf3 g6: Torre, London and Colle Systems} 8. dxe5 dxe5 9. Be3 b6 (9... Qe7 10. Bc4 b6 11. O-O Bb7 12. Re1 Nc5 13. Bxc5 Qxc5 14. b4 Qe7 15. a4 {½-½ (69) Kamsky,G (2741)-Guseinov,G (2631) Khanty-Mansiysk 2013}) 10. Qc2 Bb7 11. Rd1 $146 ({Predecessor:} 11. Bd3 Qe7 12. b4 Nh5 13. O-O Nf4 14. Bc4 g5 15. Rfe1 h5 16. h4 g4 17. Ng5 Ng6 18. Nf1 Nxh4 19. Ng3 Nf6 20. Qe2 Bc8 21. Rad1 Bd7 {½-½ (21) Michna,M (2376)-Muzychuk,A (2576) Germany 2018}) 11... Qe7 12. b4 h6 13. Bc4 Ne8 14. Bd3 Nd6 15. Nc4 f5 16. exf5 e4 17. Nxd6 cxd6 18. Bc4+ Kh8 19. f6 $17 Rxf6 20. Nd4 Ne5 21. Be2 Raf8 22. O-O d5 23. Rfe1 Qf7 24. Bf1 g5 25. Qa4 g4 26. h4 Rxf2 27. Qxa7 g3 28. Ne2 Qe7 29. Nxg3 Qxh4 0-1

[Event "47th GRE-chT 2019"]
[Site "Patra"]
[Date "2019.07.03"]
[Round "2.16"]
[White "Vozinaki, Anthi - Maria"]
[Black "Pasoglou, Ekaterini"]
[Result "1-0"]
[ECO "B36"]
[WhiteElo "2054"]
[BlackElo "1804"]
[Annotator "NA"]
[PlyCount "145"]
[EventDate "2019.07.02"]
[EventCountry "GRE"]
[SourceTitle "playchess.com"]
[Source "ChessBase"]
[SourceQuality "1"]
[TimeControl "5400+30"]

1. e4 c5 2. Nf3 Nc6 3. d4 cxd4 4. Nxd4 g6 5. c4 Nf6 6. Nc3 d6 7. Be2 Nxd4 8. Qxd4 Bg7 9. Be3 O-O 10. Qd2 Be6 11. Rc1 Qa5 12. O-O Rfc8 13. b3 a6 14. f4 Bg4 15. Bd3 Bd7 16. h3 Bc6 17. Qf2 Nd7 $14 18. Nd5 Bxd5 19. exd5 b5 20. Bd4 Bxd4 21. Qxd4 bxc4 22. bxc4 Qb6 23. Qxb6 Nxb6 24. Rc2 Rc7 25. Rb1 Na4 26. Kf2 Nc5 27. Ke3 Kf8 28. Be2 Ke8 29. Kd4 Kd8 30. Rcb2 Raa7 31. Rb8+ Rc8 32. R8b6 Rac7 33. Bg4 Nd7 34. R6b4 f5 35. Bd1 a5 36. Ra4 Rc5 37. Rb5 Ra8 38. Ra3 Kc7 39. Ba4 Rb8 40. Re3 Kd8 41. Rxb8+ Nxb8 42. Bb5 Rc7 43. Ra3 Ra7 44. g4 fxg4 45. hxg4 Nd7 46. Bxd7 Kxd7 47. Rh3 h5 48. gxh5 gxh5 49. Rxh5 Rb7 50. Rh3 Rb1 51. Ra3 Rf1 52. Ke3 Rc1 53. Kd3 Rf1 54. Rxa5 Rxf4 55. Ra7+ Kd8 56. a4 Rf3+ 57. Kc2 Re3 58. Rb7 e6 59. dxe6 Rxe6 60. Kc3 Re1 61. Rh7 Rb1 62. a5 Kc8 63. Kd4 Rd1+ 64. Kc3 Rb1 65. a6 Kb8 66. Rd7 Ra1 67. Rxd6 Ka7 68. Kd4 Rxa6 69. Rxa6+ Kxa6 70. Kd5 Kb7 71. Kd6 Kc8 72. Kc6 Kd8 73. Kb7 1-0

[Event "47th GRE-chT 2019"]
[Site "Patra"]
[Date "2019.07.03"]
[Round "2.16"]
[White "Kalyva, Kyriaki"]
[Black "Kanellopoulou, Ioustini"]
[Result "1-0"]
[ECO "E40"]
[WhiteElo "1869"]
[BlackElo "1148"]
[Annotator "NA"]
[PlyCount "53"]
[EventDate "2019.07.02"]
[EventCountry "GRE"]
[SourceTitle "playchess.com"]
[Source "ChessBase"]
[SourceQuality "1"]
[TimeControl "5400+30"]

1. d4 Nf6 2. c4 e6 3. Nc3 Bb4 4. e3 d5 5. Nge2 c5 6. cxd5 cxd4 7. Qa4+ Qd7 8. Qxb4 dxc3 9. dxe6 Qxe6 10. Nd4 Qe7 11. Bb5+ Bd7 12. Bxd7+ Qxd7 13. bxc3 Nd5 14. Qa3 Nc6 15. e4 Nb6 16. Nf5 O-O-O 17. O-O g6 18. Nd4 Qd6 19. Qb3 Nxd4 20. cxd4 f6 21. g3 Qxd4 22. Bf4 Rd7 23. Rac1+ Kd8 24. Rfd1 Qxe4 25. Bc7+ Kc8 26. Be5+ Kd8 27. Bxf6+ 1-0

[Event "47th GRE-chT 2019"]
[Site "Patra"]
[Date "2019.07.03"]
[Round "2.17"]
[White "Dereka, Konstantina"]
[Black "Kyriakidou, Chrysa"]
[Result "0-1"]
[ECO "D15"]
[WhiteElo "1469"]
[BlackElo "1338"]
[Annotator "NA"]
[PlyCount "96"]
[EventDate "2019.07.02"]
[EventCountry "GRE"]
[SourceTitle "playchess.com"]
[Source "ChessBase"]
[SourceQuality "1"]
[TimeControl "5400+30"]

1. d4 d5 2. c4 c6 3. Nc3 Nf6 4. Nf3 a6 5. Bg5 dxc4 6. e3 Bg4 7. Bxc4 e6 8. O-O Be7 9. h3 Bh5 10. Qe2 O-O 11. Rad1 Nbd7 12. e4 Nb6 13. Bd3 Re8 14. Rfe1 Rc8 15. a3 Nfd7 16. Bxe7 Qxe7 17. Qe3 Bg6 18. Ne5 c5 19. Nxd7 Nxd7 20. d5 e5 21. Bc4 Qd6 22. Ne2 b5 23. Bd3 Nb6 24. f4 f6 25. f5 Bf7 26. g4 Re7 27. Kh1 Nd7 28. h4 c4 29. Bb1 Nc5 30. g5 Bh5 31. Rg1 Bxe2 32. Qxe2 Rf8 33. h5 Kh8 34. Rg4 Nd7 35. Rdg1 Nc5 36. Qg2 fxg5 37. Rxg5 Qh6 38. Qf2 Nd7 39. R1g2 Qb6 40. Qh4 Qf6 41. Qh3 Ref7 42. Rg6 Qe7 43. Rxa6 Rf6 44. Rg6 Rxa6 45. Rxa6 Qg5 46. Rg6 hxg6 47. hxg6+ Qh6 48. Qxh6+ gxh6 0-1

[Event "47th GRE-chT 2019"]
[Site "Patra"]
[Date "2019.07.03"]
[Round "2.17"]
[White "Pasoglou, Nikoleta"]
[Black "Karavitaki, Evaggelia"]
[Result "0-1"]
[ECO "B07"]
[WhiteElo "1258"]
[BlackElo "1681"]
[Annotator "NA"]
[PlyCount "155"]
[EventDate "2019.07.02"]
[EventCountry "GRE"]
[SourceTitle "playchess.com"]
[Source "ChessBase"]
[SourceQuality "1"]
[TimeControl "5400+30"]

1. d4 Nf6 2. Nf3 g6 3. g3 Bg7 4. Bg2 O-O 5. O-O d6 6. Nc3 Nbd7 7. e4 e5 8. h3 c6 9. a4 a5 10. Be3 Qc7 11. Qd2 Re8 12. Rfe1 exd4 13. Bxd4 Ne5 14. Nxe5 dxe5 15. Be3 Be6 16. Rad1 Rad8 17. Qe2 Rxd1 18. Rxd1 Rd8 19. Kh2 Rxd1 20. Qxd1 Bf8 21. Bg5 Nd7 22. Be3 Qd6 23. Qxd6 Bxd6 24. b3 Kf8 25. Kg1 Ke7 26. Bg5+ f6 27. Be3 Nc5 28. Nd1 Bg8 29. Bd2 b6 30. Be3 Kd7 31. Kf1 Kc7 32. Nc3 Ne6 33. Ne2 Nf8 34. Nc3 Bb4 35. Na2 Bd6 36. Ke2 Ne6 37. Kd3 Nc5+ 38. Ke2 Nxb3 39. cxb3 Bxb3 40. Nc3 Bb4 41. Kd3 Bxc3 42. Kxc3 Bxa4 43. Bf1 c5 44. Bh6 f5 45. exf5 gxf5 46. Bg7 e4 47. Bc4 Be8 48. Bf8 Kc6 49. Bb3 b5 50. Be6 Bg6 51. Bb3 b4+ 52. Kb2 Kb5 53. Be6 c4 54. Be7 c3+ 55. Kc2 e3 56. Bd7+ Kc4 57. Be6+ Kb5 58. Bd7+ Ka6 59. Bc8+ Ka7 60. Bc5+ Kb8 61. Ba6 f4+ 62. Kc1 b3 63. Ba3 b2+ 64. Bxb2 cxb2+ 65. Kxb2 exf2 66. gxf4 Bf5 67. Bf1 Kc7 68. Ka3 Kb6 69. Kb3 Kc5 70. Ka4 Kd4 71. Kxa5 Ke3 72. Kb4 Kxf4 73. Kc3 Kg3 74. Kd2 Bxh3 75. Bd3 f1=Q 76. Bxf1 Bxf1 77. Ke3 h5 78. Kd4 0-1

[Event "47th GRE-chT 2019"]
[Site "Patra"]
[Date "2019.07.03"]
[Round "2.18"]
[White "Papadopoulos, Argirios"]
[Black "Kazakos, Markos"]
[Result "0-1"]
[ECO "C28"]
[WhiteElo "2222"]
[BlackElo "2069"]
[Annotator "NA"]
[PlyCount "84"]
[EventDate "2019.07.02"]
[EventCountry "GRE"]
[SourceTitle "playchess.com"]
[Source "ChessBase"]
[SourceQuality "1"]
[TimeControl "5400+30"]

1. e4 e5 2. Bc4 Nf6 3. d3 Nc6 4. Nc3 d6 5. h3 g6 6. a3 Bg7 7. Nge2 O-O 8. O-O Be6 9. Bxe6 fxe6 10. f4 Nh5 11. fxe5 Rxf1+ 12. Qxf1 Bxe5 13. Qf2 Qf6 14. Qxf6 Nxf6 15. Nb5 $11 Ne8 16. d4 Bg7 17. Be3 a6 18. Nbc3 e5 19. d5 Nd4 20. Rc1 c6 21. Kf1 Nc7 22. Ke1 Re8 23. Kd2 cxd5 24. Nxd5 Nxd5 25. exd5 Nf5 26. Rf1 b5 27. b3 Rc8 28. c3 Ne7 29. Ng3 Nxd5 30. Ne4 Nxe3 31. Kxe3 d5 32. Nf6+ Bxf6 33. Rxf6 Rxc3+ 34. Kd2 Rxb3 35. Rxa6 Rb2+ 36. Kc3 Rxg2 37. Rd6 d4+ 38. Kd3 Kf7 39. Ke4 Re2+ 40. Kd5 d3 41. Kc5 d2 42. Kxb5 e4 0-1

[Event "47th GRE-chT 2019"]
[Site "Patra"]
[Date "2019.07.03"]
[Round "2.18"]
[White "Androutsopoulos-Agiotatos, Vasil"]
[Black "Makris, Spyridon-Dionysios"]
[Result "1/2-1/2"]
[ECO "C49"]
[WhiteElo "2063"]
[BlackElo "1884"]
[Annotator "NA"]
[PlyCount "63"]
[EventDate "2019.07.02"]
[EventCountry "GRE"]
[SourceTitle "playchess.com"]
[Source "ChessBase"]
[SourceQuality "1"]
[TimeControl "5400+30"]

1. e4 e5 2. Nf3 Nc6 3. Nc3 Nf6 4. Bb5 Bb4 5. O-O O-O 6. d3 d6 7. Ne2 Bg4 8. c3 Bc5 9. Ng3 d5 10. h3 dxe4 11. hxg4 exf3 12. Qxf3 Qd5 13. a4 Qxf3 14. gxf3 a5 $14 15. Re1 Bd6 16. Bg5 Nd5 17. Bc4 Nf4 18. Bxf4 exf4 19. Nf5 Ne5 20. Kg2 Nxc4 21. dxc4 Rfd8 22. Nxd6 Rxd6 23. Re7 Rc8 24. Rae1 Kf8 25. R1e2 h6 26. R7e5 c5 27. Re7 b6 28. R2e4 g5 29. Re2 Rcd8 30. Rb7 Re8 31. Rxe8+ Kxe8 32. Kf1 1/2-1/2